 Dungeon Sprint DCSS version 0.17-a0-1450-g7e755d1 (webtiles) character file.

12 pulse the Cudgeler (level 2, -2/19 HPs)
             Began as a Gargoyle Fighter on June 30, 2015.
             Was an Initiate of Qazlal.
             Slain by a hill giant
             ... wielding a +0 giant club
              (21 damage)
             ... in the Dungeon (Sprint IX: "|||||||||||||||||||||||||||||").
             The game lasted 00:01:50 (121 turns).

pulse the Cudgeler (Gargoyle Fighter)                Turns: 121, Time: 00:01:50

Health: -2/19      AC: 17    Str: 19    XL:     2   Next: 33%
Magic:  2/2        EV:  5    Int:  8    God:    Qazlal [......]
Gold:   0          SH:  9    Dex:  9    Spells: 0 memorised, 1 level left

rFire  . . .     SeeInvis .     o - +2 morningstar (freeze)
rCold  . . .     Clarity  .     p - +0 plate armour
rNeg   + . .     SustAt   .     c - +0 shield
rPois  ∞         Gourm    .     (no helmet)
rElec  +         Spirit   .     (no cloak)
rCorr  .         Warding  .     a - +0 pair of gloves
rMut   .         NoTele   +     (no boots)
MR     .....                    (no amulet)
Stlth  ..........               r - +2 ring of evasion
                                q - +2 ring of protection

@: exhausted, slowed, very slow, not resistant to hostile enchantments,
extremely unstealthy
A: negative energy resistance 1, electricity resistance, unbreathing,
petrification resistance, rot immunity, AC +2
a: Renounce Religion


You were in the Dungeon.
You worshipped Qazlal.
Qazlal was noncommittal.
You were not hungry.

You visited 1 branch

Inventory:

Hand weapons
 o - a +2 morningstar of freezing (weapon)
Armour
 a - a +0 pair of gloves (worn)
 c - a +0 shield (worn)
 p - a +0 plate armour (worn)
Jewellery
 q - a +2 ring of protection (left hand)
 r - a +2 ring of evasion (right hand)
Magical devices
 n - a wand of fire (7)
Scrolls
 k - 2 scrolls of blinking
 l - 3 scrolls of remove curse
 m - 2 scrolls of amnesia
Potions
 d - a potion of invisibility
 f - 5 potions of curing
 g - 2 potions of heal wounds
 h - a potion of haste
 i - 4 potions of magic
Comestibles
 e - a bread ration


   Skills:
 - Level 3.2 Fighting
 * Level 4.9 Maces & Flails
 - Level 3.2 Armour
 - Level 3.2 Shields


You had one spell level left.
You didn't know any spells.

Dungeon Overview and Level Annotations

Branches:
Dungeon (1/1)

Altars:
Cheibriados
Dithmenos
Elyvilon
Fedhas
Gozag
Kikubaaqudgha
Makhleb
Nemelex Xobeh
Okawaru
Qazlal
Ru
Sif Muna
Trog
Vehumet
Xom
Yredelemnul
Zin
The Shining One
Beogh
Jiyva
Lugonu


Innate Abilities, Weirdness & Mutations

You are resistant to torment.
Your stone body is resilient (AC +2).
You are immune to poison.
You resist negative energy.
You are resistant to electric shocks.
You can survive without breathing.
You are immune to petrification.
You are immune to rotting.


Message History

You completely miss the hill giant.
The hill giant is heavily wounded.
The orc wizard mumbles some strange words.
The orc wizard blinks!
You see here a +0 scale mail.
You feel a strong urge to attack something.
You feel your anger subside.
You are no longer berserk.
You are exhausted.
You feel yourself slow down.
You see here a +0 pair of gloves.
Drink which item? (? for menu, Esc to quit)
You feel much better.
Drink which item? (? for menu, Esc to quit)
Okay, then.
You thump the hill giant! You freeze the hill giant.
The hill giant is severely wounded.
The hill giant hits you with a giant club!!
Ouch! That really hurt!
You die... ▓▓▓▓▓▓▓▓▓▓▓▓▓▓▓▓▓▓▓▓▓▓▓▓▓▓▓▓ +rb..boY[aC@.)|..'__________ ▓▓▓▓▓▓▓▓▓▓▓▓▓▓▓▓▓▓▓▓▓▓▓▓▓▓▓▓

You could see a hill giant, a sky beast, a worker ant, an orc wizard and a bat.

Vanquished Creatures
  A giant gecko (D)
  2 orcs (D)
  2 hobgoblins (D)
  A bat (D)
  A giant newt (D)
  A goblin (D)
  2 kobolds (D)
10 creatures vanquished.

Vanquished Creatures (others)
  A spatial maelstrom (D)
1 creature vanquished.

Grand Total: 11 creatures vanquished

Notes
Turn   | Place    | Note
--------------------------------------------------------------
     0 | D        | pulse the Gargoyle Fighter began the quest for the Orb.
     0 | D        | Reached XP level 1. HP: 14/14 MP: 1/1
     7 | D        | Banished a spatial maelstrom
    31 | D        | Reached skill level 4 in Maces & Flails
    31 | D        | Reached XP level 2. HP: 19/19 MP: 2/2
    48 | D        | Found a glowing silver altar of Zin.
    48 | D        | Found a glowing golden altar of the Shining One.
    48 | D        | Found an ancient bone altar of Kikubaaqudgha.
    48 | D        | Found a basalt altar of Yredelemnul.
    48 | D        | Found a shimmering altar of Xom.
    48 | D        | Found a radiant altar of Vehumet.
    49 | D        | Found an iron altar of Okawaru.
    50 | D        | Found a burning altar of Makhleb.
    51 | D        | Found a deep blue altar of Sif Muna.
    52 | D        | Found a bloodstained altar of Trog.
    53 | D        | Found a sparkling altar of Nemelex Xobeh.
    54 | D        | Found a white marble altar of Elyvilon.
    55 | D        | Found a roughly hewn altar of Beogh.
    56 | D        | Found a viscous altar of Jiyva.
    57 | D        | Found a corrupted altar of Lugonu.
    58 | D        | Found a blossoming altar of Fedhas.
    59 | D        | Found a snail-covered altar of Cheibriados.
    60 | D        | Found a shadowy altar of Dithmenos.
    61 | D        | Found a stormy altar of Qazlal.
    62 | D        | Found an opulent altar of Gozag.
    63 | D        | Found a sacrificial altar of Ru.
    69 | D        | Became a worshipper of Qazlal Stormbringer
   111 | D        | Noticed an orc wizard
   111 | D        | Noticed a sky beast
   111 | D        | Noticed a hill giant
   111 | D        | Noticed a worker ant
   121 | D        | Slain by a hill giant

Vault maps used:
D:        linesprint

Action                   || total
-------------------------++-------
Melee: Flail             ||    29
       Morningstar       ||     3
  Use: Potion            ||     3
